 Dungeon Crawl Stone Soup version 0.22-a0-469-gf26638a (webtiles) character file.

133 4thArraOfDagon the Ruffian (level 4, -1/45 HPs)
             Began as a Troll Monk on June 13, 2018.
             Slain by 4thArraOfDagon's ghost (8 damage)
             ... on level 5 of the Dungeon.
             The game lasted 00:01:31 (313 turns).

4thArraOfDagon the Ruffian (Troll Monk)              Turns: 313, Time: 00:01:32

Health: -1/45      AC:  5    Str: 19    XL:     4   Next: 94%
Magic:  3/3        EV: 10    Int:  7    God:
Gold:   17         SH:  0    Dex: 12    Spells: 3/3 levels left

rFire    . . .     SeeInvis .     - Unarmed
rCold    . . .     Gourm    +   (no shield)
rNeg     . . .     Faith    .   a - +0 robe
rPois    .         Spirit   .   (helmet restricted)
rElec    .         Reflect  .   (no cloak)
rCorr    .         Harm     .   (gloves unavailable)
MR       .....                  (boots unavailable)
Stlth    ++........             (no amulet)
HPRegen  0.55/turn              (no ring)
MPRegen  0.08/turn              (no ring)

@: lethally poisoned (-1 -> -1)
A: large, unfitting armour, claws 3, fast metabolism 3, gourmand, regeneration
1, shaggy fur 1, tough skin 2
a: no special abilities


You were on level 5 of the Dungeon.
You were not hungry.

You visited 1 branch of the dungeon, and saw 5 of its levels.

You collected 17 gold pieces.

Inventory:

Armour
 a - a +0 robe (worn)
Wands
 e - a wand of enslavement (21)
Scrolls
 c - a scroll of fog
Comestibles
 b - 3 rations


   Skills:
 + Level 3.3 Fighting
 - Level 2.4 Dodging
 - Level 1.0 Stealth
 * Level 4.9 Unarmed Combat


You had 3 spell levels left.
You didn't know any spells.
Your spell library was empty.

Dungeon Overview and Level Annotations

Branches:
Dungeon (5/15)
 Temple: D:4-7

Altars:

Annotations:
D:4 Dowan; Duvessa; Zorot's ghost, amateur DsCK
D:5 4thArraOfDagon's ghost, weakling TrMo


Innate Abilities, Weirdness & Mutations

You are too large for most types of armour.
You have claws for hands.
Your metabolism is lightning-fast.
You like to eat raw meat.
Your natural rate of healing is unusually fast.
You are covered in fur. (AC +1)
You have very tough skin. (AC +2)


Message History

4thArraOfDagon's ghost is heavily damaged. 4thArraOfDagon's ghost hits you.
You barely miss 4thArraOfDagon's ghost. 4thArraOfDagon's ghost is heavily damaged. 4thArraOfDagon's ghost completely misses you.
Unknown command.
You claw 4thArraOfDagon's ghost! 4thArraOfDagon's ghost is severely damaged.
You feel sick.
Unknown command.
You scratch 4thArraOfDagon's ghost but do no damage. 4thArraOfDagon's ghost is severely damaged. 4thArraOfDagon's ghost whispers, "Death is liberation." 4thArraOfDagon's ghost hits you!
* * * LOW HITPOINT WARNING * * *
Unknown command.
You scratch 4thArraOfDagon's ghost but do no damage. 4thArraOfDagon's ghost is severely damaged. 4thArraOfDagon's ghost hits you!
You die...

...# ##... #....
....## ...# #.#
#.### #.# #.l.#
#.# ###S#.# #.#
### #@WS#S# #.#
.#...#####J# #.#
......####l# #.#
?.....†....#####)#
......#...[....<.#
.#... ##.#########
### #.# #l# #.#


You could see an iguana, 4thArraOfDagon's ghost and 2 adders.

Vanquished Creatures
  2 hounds
  Ijyb (D:3)
  A worker ant (D:5)
  2 adders (D:2)
  An orc (D:5)
  A giant cockroach (D:2)
  2 quokkas (D:5)
  2 rats (D:3)
12 creatures vanquished.

Notes
Turn   | Place    | Note
-------+----------+-------------------------------------------
     0 | D:1      | 4thArraOfDagon the Troll Monk began the quest for the Orb.
     0 | D:1      | Reached XP level 1. HP: 22/22 MP: 0/0
    89 | D:1      | You fall through a shaft!
   105 | D:2      | Reached XP level 2. HP: 26/29 MP: 1/1
   152 | D:3      | Noticed Ijyb
   167 | D:3      | Killed Ijyb
   167 | D:3      | Reached skill level 4 in Unarmed Combat
   167 | D:3      | Reached XP level 3. HP: 4/36 MP: 2/2
   187 | D:4      | Noticed an ogre
   214 | D:4      | Reached XP level 4. HP: 25/45 MP: 3/3
   233 | D:4      | Noticed Duvessa
   234 | D:4      | Noticed Dowan
   255 | D:4      | Noticed Zorot's ghost (amateur DsCK)
   266 | D:5      | Entered Level 5 of the Dungeon
   285 | D:5      | Noticed 4thArraOfDagon's ghost (weakling TrMo)
   313 | D:5      | Slain by 4thArraOfDagon's ghost

Vault maps used:
D:1:      wheals_arrival_linesprint
D:2:      chequers_ecumenical_altar_simple_redux
D:3:      kennysheep_big_flooded_room, st_stairs_4, minmay_goblin_kobold_house,
          uniq_jessica, uniq_ijyb, uniq_sigmund
D:4:      uniq_duvessa
D:5:      marbit_many_paths, first_ration

Skill      XL: |  1  2  3 |
---------------+----------+-----
Unarmed Combat | 4 |  4.9
Fighting       | 3 |  3.3
Dodging        | |  2.4
Stealth        | |  1.0

Action                   |  1- 3 |  4- 6 || total
-------------------------+-------+-------++-------
Melee: Unarmed           |    48 |    28 ||    76
  Use: Scroll            |       |     1 ||     1
 Stab: Sleeping          |     1 |       ||     1
  Eat: Chunk             |       |     3 ||     3
Armor: Robe              |    18 |    14 ||    32
Dodge: Dodged            |    35 |    32 ||    67

Table legend:
 A = Spawn XP
 B = Non-spawn XP
 C = Spawn XP percentage of total XP
 D = Spawn monster count
 E = Non-spawn monster count
 F = Spawn count percentage of total count
 G = Total turns spent on level
                    A         B        C        D         E        F      G
               +---------+---------+-------+---------+---------+-------+---------
         Total |       0 |     191 |   0.0 |       0 |      12 |   0.0 |   313
               +---------+---------+-------+---------+---------+-------+---------
           D:2 |       0 |      29 |   0.0 |       0 |       3 |   0.0 |    63
           D:3 |       0 |      38 |   0.0 |       0 |       3 |   0.0 |    35
           D:4 |       0 |      43 |   0.0 |       0 |       1 |   0.0 |    79
           D:5 |       0 |      81 |   0.0 |       0 |       5 |   0.0 |    47
               +---------+---------+-------+---------+---------+-------+---------
